 Dungeon Crawl Stone Soup version 0.31.0-11-ge490571c62 (webtiles) character file.

Game seed: 2212899020831032679

119 magipi the Firebug (level 4, -2/24 HPs)
             Began as a Deep Elf Fire Elementalist on Feb 7, 2024.
             Was an Initiate of Vehumet.
             Slain by an orc
             ... wielding a +0 morningstar of protection
              (11 damage)
             ... on level 3 of the Dungeon.
             The game lasted 00:07:16 (2741 turns).

magipi the Firebug (Deep Elf Fire Elementalist)     Turns: 2741, Time: 00:07:16

Health: -2/24      AC:  4    Str:  5    XL:     4   Next: 73%
Magic:  0/10       EV: 11    Int: 24    God:    Vehumet [......]
Gold:   117        SH:  0    Dex: 15    Spells: 6/9 levels left

rFire   . . .        a - +0 short sword
rCold   . . .        (no shield)
rNeg    . . .        h - +1 leather armour of Netsay {Int+2}
rPois   .            (no helmet)
rElec   .            (no cloak)
rCorr   .            (no gloves)
SInv    .            (no boots)
Will    .....        (no amulet)
Stlth   ++           (no ring)
HPRegen 0.24/turn    (no ring)
MPRegen 0.12/turn

%: no passive effects
@: no status effects
A: no striking features
a: Renounce Religion


You were on level 3 of the Dungeon.
You worshipped Vehumet.
Vehumet was noncommittal.
You visited 1 branch of the dungeon, and saw 3 of its levels.

You collected 117 gold pieces.

Inventory:

Hand Weapons
 a - a +0 short sword (weapon)
Armour
 h - the +1 leather armour of Netsay (worn) {Int+2}
   (You found it on level 2 of the Dungeon)

   Int+2:     It affects your intelligence (+2).
Scrolls
 d - 2 scrolls of enchant weapon {unknown}
 i - a scroll of identify {unknown}
 j - 2 scrolls of poison {unknown}
 k - 2 scrolls of blinking {unknown}
 l - 2 scrolls of teleportation {unknown}
 n - a scroll of silence {unknown}
 o - a scroll of enchant armour {unknown}
 p - a scroll of vulnerability {unknown}
Potions
 b - a potion of magic
 c - 3 potions of mutation {unknown}
 e - a potion of haste {unknown}
 f - a potion of resistance {unknown}
 g - a potion of curing {unknown}
 m - a potion of cancellation {unknown}
 q - a potion of heal wounds {unknown}
 r - a potion of degeneration {unknown}


   Skills:
 - Level 2.4 Dodging
 - Level 2.4 Stealth
 - Level 3.0 Spellcasting
 + Level 3.6 Conjurations
 + Level 4.9 Fire Magic


You had 6 spell levels left.
You knew the following spells:

 Your Spells              Type           Power      Damage    Failure   Level
a - Foxfire               Conj/Fire      96%        2x1d8     3%          1
b - Scorch                Fire           54%        2d7       3%          2

Your spell library contained the following spells:

 Spells                   Type           Power      Damage    Failure   Level
 Inner Flame              Hex/Fire       15%        N/A       21%         3
 Volatile Blastmotes      Fire/Tloc      30%        2d12      21%         3
 Flame Wave               Conj/Fire      24%        2d8       30%         4
 Tukima's Dance           Hex            3%         N/A       47%         3
 Animate Armour           Summ/Erth      6%         N/A       87%         4
 Passage of Golubria      Tloc           3%         N/A       87%         4
 Summon Lightning Spire   Summ/Air       3%         N/A       87%         4
 Lee's Rapid Deconstruct  Erth           1%         3d4*      99%         5
 Yara's Violent Unravell  Hex/Alch       1%         3d3       99%         5


Dungeon Overview and Level Annotations

Branches:
Dungeon (3/15)

Altars:
Vehumet

Shops:
D:1 (   D:2 [


Message History

The orc attacks as it pursues you! The orc misses you.
The orc attacks as it pursues you! The orc barely misses you.
You hit the orc but do no damage. You punch the orc, but do no damage.
The orc is almost dead.
The orc is no longer more vulnerable to fire.
The orc hits you with a +0 morningstar of protection.
Your magical contamination has completely faded away.
The orc attacks as it pursues you! The orc closely misses you.
The orc attacks as it pursues you!
The orc hits you with a +0 morningstar of protection.
The orc attacks as it pursues you! The orc barely misses you.
Casting: Scorch (safe; 3% risk of failure)
Confirm with . or Enter, or press ? or * to list all spells.
Flames lash the orc but do no damage.
Unknown command.
Unknown command.
The orc hits you with a +0 morningstar of protection.
The orc attacks as it pursues you!
The orc hits you with a +0 morningstar of protection!
* * * LOW HITPOINT WARNING * * *
The orc attacks as it pursues you! The orc misses you.
You see here a rat corpse.
Casting: Scorch (safe; 3% risk of failure)
Confirm with . or Enter, or press ? or * to list all spells.
Flames lash the orc.
The orc is almost dead.
The orc's fire resistance burns away.
Unknown command.
Unknown command.
The orc is no longer more vulnerable to fire.
The orc attacks as it pursues you! The orc closely misses you.
The orc attacks as it pursues you! The orc closely misses you.
Things that are here:
a +0 dagger; a +0 leather armour The orc attacks as it pursues you!
The orc closely misses you.
Casting: Scorch (safe; 3% risk of failure)
Confirm with . or Enter, or press ? or * to list all spells.
Flames lash the orc but do no damage.
The orc hits you with a +0 morningstar of protection!
You die...

#############
#......)....#
#.#########.#
#o# #.# #@#
#.# #.# ##.##
#.#
####...#####
#.#
#...........
#.#
#.##...#####
#.# #.###.##
# #.# #.# #.#
# #.# #†# #.#
#
#.#####.###.#
#


You could see an orc.

Vanquished Creatures
  An orc wizard (D:3)
  3 adders
  A ribbon worm (D:2)
  3 dart slugs
  4 orcs
  6 ball pythons
  5 endoplasms
  A giant cockroach (D:2)
  2 goblins (D:1)
  8 hobgoblins
  A jackal (D:2)
  3 kobolds
  7 bats
  A frilled lizard (D:2)
  6 rats
52 creatures vanquished.

Vanquished Creatures (others)
  35 foxfires
35 creatures vanquished.

Grand Total: 87 creatures vanquished

Notes
Turn   | Place    | Note
-------+----------+-------------------------------------------
     0 | D:1      | magipi the Deep Elf Fire Elementalist began the quest for
                  | the Orb.
     0 | D:1      | Reached XP level 1. HP: 10/10 MP: 6/6
   180 | D:1      | Found Nalaur's Weapon Shoppe.
   255 | D:1      | Reached XP level 2. HP: 12/15 MP: 5/8
   753 | D:2      | Learned a level 2 spell: Scorch
   948 | D:2      | Reached skill level 4 in Fire Magic
  1013 | D:2      | Reached XP level 3. HP: 19/19 MP: 0/9
  1037 | D:2      | Identified the +1 leather armour of Netsay {Int+2}
  1401 | D:2      | Found a radiant altar of Vehumet.
  1412 | D:2      | Became a worshipper of Vehumet
  1438 | D:2      | Found Jefyiled's Armour Shoppe.
  2060 | D:2      | Reached XP level 4. HP: 18/24 MP: 7/10
  2411 | D:3      | Found a faded altar of an unknown god.
  2741 | D:3      | Slain by an orc

Illustrated notes

Levels and vault maps discovered:
D:1:      dpeg_arrival_radiant, layout_basic, serial_shops, shop
D:2:      minmay_razor_zed, layout_basic, basic_altar, serial_shops, shop,
          hex_large, minivault_14, grunt_decor_mini_mirrors, glass_columns_a
D:3:      layout_loops_ring, hellmonk_ecumenical_altar_leap_of_faith

Skill      XL: |  1  2  3 |
---------------+----------+-----
Conjurations   | 2 3 |  3.6
Fire Magic     | 4 |  4.9
Dodging        | |  2.4
Stealth        | |  2.4
Spellcasting   | |  3.0

Action                     |  1- 3 |  4- 6 || total
---------------------------+-------+-------++-------
  Melee: Short sword       |     5 |     6 ||    11
         Punch             |       |     1 ||     1
   Cast: Foxfire           |    24 |     3 ||    27
         Scorch            |    22 |    17 ||    39
   Stab: Sleeping          |     3 |     2 ||     5
 Armour: Robe              |     5 |       ||     5
         Leather armour    |     6 |    13 ||    19
  Dodge: Dodged            |    15 |    11 ||    26
